 Dungeon Sprint DCSS version 0.27.1 (webtiles) character file.

Game seed: 2517275270236044692

258 styxcanada the Unseen (level 5, -4/28 HPs)
             Began as a Spriggan Brigand on Sept 2, 2021.
             Was an Initiate of Gozag.
             Slain by a spriggan (13 damage)
             ... in the Dungeon (Sprint IV: "Fedhas' Mad Dash").
             The game lasted 00:01:24 (125 turns).

styxcanada the Unseen (Spriggan Brigand)             Turns: 125, Time: 00:01:25

Health: -4/28      AC:  3    Str:  7    XL:     5   Next: 94%
Magic:  5/6        EV: 20    Int: 13    God:    Gozag
Gold:   150        SH:  0    Dex: 17    Spells: 4/4 levels left

rFire    . . .     SeeInvis +   a - +2 dagger
rCold    . . .     Faith    .   (shield restricted)
rNeg     . . .     Spirit   .   b - +0 robe
rPois    .         Reflect  .   (helmet restricted)
rElec    .         Harm     .   c - +0 cloak
rCorr    .         Rampage  .   (gloves unavailable)
Will     .....     NoTele   +   (boots unavailable)
Stlth    ++++++....             l - amulet of invisibility {+Inv}
HPRegen  0.09/turn              (no ring)
MPRegen  0.10/turn              (no ring)

@: gold aura, very slightly contaminated, invisible, very quick
A: very small, no large weapons, unfitting armour, see invisible, speed 3
a: Renounce Religion, Evoke Invisibility, Potion Petition, Call Merchant, Bribe
Branch


You were in the Dungeon.
You worshipped Gozag.
Gozag was aware of your devotion.
You visited 1 branch You collected 150 gold pieces.

Inventory:

Hand Weapons
 a - a +2 dagger (weapon)
Missiles
 d - 8 poisoned darts (quivered)
 e - 2 curare-tipped darts
Armour
 b - a +0 robe (worn)
 c - a +0 cloak (worn)
Jewellery
 l - the amulet of invisibility (around neck) {+Inv}
   (You found it in the Dungeon)

   [amulet of nothing]

   +Inv:      It lets you turn invisible.
Scrolls
 k - a scroll of blinking
Potions
 f - a potion of curing
 g - a potion of heal wounds
 h - a potion of haste
 i - 2 potions of magic
 j - a potion of berserk rage


   Skills:
 * Level 3.4 Fighting
 + Level 3.3 Short Blades
 + Level 3.0 Throwing
 * Level 5.6 Dodging
 * Level 15.5 Stealth
 * Level 3.0 Evocations


You had 4 spell levels left.
You didn't know any spells.
Your spell library was empty.

Dungeon Overview and Level Annotations

Branches:
Dungeon (1/1)

Altars:
Cheibriados
Dithmenos
Elyvilon
Gozag
Hepliaklqana
Kikubaaqudgha
Makhleb
Nemelex Xobeh
Okawaru
Qazlal
Ru
Sif Muna
Trog
Uskayaw
Vehumet
Wu Jian
Xom
Yredelemnul
Zin
The Shining One
Beogh
Jiyva
Lugonu


Innate Abilities, Weirdness & Mutations

You are very small and have problems with some larger weapons.
You are too small for most types of armour.
You have supernaturally acute eyesight. (SInv)
You cover ground extremely quickly. (Speed+++)


Message History

Your Dodging skill increases to level 5!
Your Stealth skill increases to level 14!
Your Evocations skill increases to level 2!
You now have 150 gold pieces (gained 45).
You open the door. 2 spriggans come into view.
A spriggan is wielding a +2 rapier of speed.
Found 17 gold pieces.
A scorpion comes into view.
Found 13 gold pieces.
There is an open door here.
You see here 17 gold pieces.
The helpless spriggan fails to defend itself.
You stick the spriggan like a pincushion!!!
You kill the spriggan!
The spriggan shouts!
The spriggan closely misses you.
You hit the spriggan.
The spriggan is lightly wounded.
The spriggan completely misses you.
You hit the scorpion.
The scorpion is lightly wounded.
The spriggan hits you with a +2 rapier of speed!
You catch the helpless scorpion completely off-guard!
You impale the scorpion!!
You kill the scorpion!
The spriggan is distracted by your dazzling golden aura.
Your Throwing skill increases to level 3!
Your Stealth skill increases to level 15!
Your Evocations skill increases to level 3!
The spriggan shouts!
You hit the spriggan.
The spriggan is no longer distracted by gold.
The spriggan is moderately wounded.
The spriggan hits you with a +2 rapier of speed!
You hit the spriggan.
The spriggan is heavily wounded.
The spriggan hits you with a +2 rapier of speed!
You die...
Your body crumbles into a pile of gold.

####################
⌠._._._._.⌠.#.$'@i.#
._._._._._..'..#$.$#
$
.._._._._...#..###+#
$$ ._._._._._..#.$#
$ _._._._._.⌠.####
############# $


You could see a spriggan.

Vanquished Creatures
  2 scorpions (D)
  3 oklob saplings (D)
  A spriggan (D)
  A river rat (D)
  A rat (D)
8 creatures vanquished.

Notes
Turn   | Place    | Note
-------+----------+-------------------------------------------
     0 | D        | styxcanada the Spriggan Brigand began the quest for the
                  | Orb.
     0 | D        | Reached XP level 1. HP: 10/10 MP: 2/2
     9 | D        | Reached skill level 8 in Stealth
     9 | D        | Reached XP level 2. HP: 15/15 MP: 3/3
    17 | D        | Noticed an oklob sapling
    19 | D        | Killed an oklob sapling
    20 | D        | Reached skill level 10 in Stealth
    20 | D        | Reached XP level 3. HP: 18/18 MP: 4/4
    21 | D        | Noticed a scorpion
    21 | D        | Found the amulet of invisibility {+Inv}
    23 | D        | Killed a scorpion
    24 | D        | Reached skill level 12 in Stealth
    24 | D        | Reached XP level 4. HP: 23/23 MP: 5/5
    46 | D        | Found an opulent altar of Gozag.
    46 | D        | Found a hazy altar of Hepliaklqana.
    46 | D        | Found a burning altar of Makhleb.
    46 | D        | Found a sparkling altar of Nemelex Xobeh.
    46 | D        | Found a snail-covered altar of Cheibriados.
    46 | D        | Found a sacrificial altar of Ru.
    46 | D        | Found a shimmering blue altar of Sif Muna.
    46 | D        | Found a shimmering altar of Xom.
    46 | D        | Found a basalt altar of Yredelemnul.
    47 | D        | Found a viscous altar of Jiyva.
    47 | D        | Found a bloodstained altar of Trog.
    47 | D        | Found an ornate altar of the Wu Jian Council.
    48 | D        | Found an iron altar of Okawaru.
    48 | D        | Found a shadowy altar of Dithmenos.
    48 | D        | Found a glowing silver altar of Zin.
    49 | D        | Found an ancient bone altar of Kikubaaqudgha.
    49 | D        | Found a hide-covered altar of Uskayaw.
    50 | D        | Found a stormy altar of Qazlal.
    50 | D        | Found a white marble altar of Elyvilon.
    50 | D        | Found a glowing golden altar of the Shining One.
    51 | D        | Became a worshipper of Gozag Ym Sagoz the Greedy
    52 | D        | Found a corrupted altar of Lugonu.
    52 | D        | Found a radiant altar of Vehumet.
    56 | D        | Reached skill level 13 in Stealth
    56 | D        | Reached skill level 1 in Evocations
    56 | D        | Reached XP level 5. HP: 28/28 MP: 3/6
   115 | D        | Reached skill level 5 in Dodging
   115 | D        | Reached skill level 14 in Stealth
   124 | D        | Reached skill level 15 in Stealth
   125 | D        | Slain by a spriggan

Illustrated notes

Levels and vault maps discovered:
D:        dungeon_sprint_fedhas [sprint_temple]

Skill      XL: |  1  2  3  4  5 |
---------------+----------------+-----
Dodging        | 2 3 4 5 |  5.6
Stealth        | 8 10 12 13 15 | 15.5
Fighting       | 2 3 |  3.4
Short Blades   | 3 |  3.3
Evocations     | 1 3 |  3.0
Throwing       | 3 |  3.0

Action                   |  1- 3 |  4- 6 || total
-------------------------+-------+-------++-------
Melee: Dagger            |     4 |     8 ||    12
 Abil: Evoke Invisibilit |       |     2 ||     2
 Stab: Sleeping          |     4 |     3 ||     7
       Invisible         |       |     1 ||     1
Dodge: Dodged            |       |     2 ||     2
